Map: Last Fantasy LE

Players

SubN - Winner!

  • Race: Zerg Zerg
  • League: Diamond
  • Spawn Location: 12:00

JKGenius

  • Race: Terran Terran
  • League: Diamond
  • Spawn Location: 3:00

VOD

Have the link to the VOD?

Description

Time

  • Played on: July 22, 2025, 3:36 p.m.
  • Length: 7:08
Show
View Real Time Build Order
Export as new Build Order

SubN Zerg - Winner!

Build Orders: Pool First 

Get SALT Encoding   

  12  0:00  Drone  
  13  0:16  Overlord  
  13  0:20  Drone  
  14  0:34  Drone x2  
  16  0:44  Spawning Pool  
  16  0:46  Drone  
  16  0:51  Drone  
  17  0:59  Drone  
  18  1:16  Hatchery  
  17  1:21  Drone  
  17  1:23  Extractor  
  17  1:31  Queen  
  19  1:37  Zergling x2  
  19  1:39  Zergling x2  
  21  1:48  Zergling x2  
  22  1:55  Overlord  
  22  2:13  Queen  
  24  2:22  Drone x2  
  26  2:27  Metabolic Boost  
  26  2:32  Queen  
  28  2:41  Drone x2  
  30  2:55  Drone x5  
  35  2:59  Drone  
  36  3:12  Overlord x2  
  34  3:39  Roach Warren  
  33  3:42  Evolution Chamber, Queen  
  33  3:44  Drone x5  
  39  3:51  Spine Crawler  
  38  4:09  Drone x6  
  44  4:14  Zerg Missile Weapons Level 1  
  44  4:23  Lair  
  44  4:24  Extractor  
  44  4:28  Drone  
  44  4:29  Drone x2  
  44  4:30  Drone  
  47  4:33  Queen  
  49  4:39  Drone x3  
  49  4:42  Extractor  
  51  4:57  Overlord x5  
  51  5:10  Baneling Nest  
  50  5:22  Roach  
  50  5:23  Roach x6  
  50  5:27  Overlord  
  50  5:28  Overlord  
  64  5:38  Zergling x2  
  64  5:39  Zergling x8  
  68  5:44  Glial Reconstitution  
  68  5:51  Roach x3  
  74  6:03  Zergling x6  
  74  6:04  Zergling x2  
  78  6:06  Baneling x5  
  78  6:07  Ravager  
  78  6:08  Ravager  
  80  6:17  Ravager  
  80  6:18  Zergling x10  
  82  6:23  Baneling x2  
  82  6:24  Zergling x6  
  82  6:25  Zergling x2  
  90  6:39  Drone  
  92  6:40  Drone x2  
Show
View Real Time Build Order
Export as new Build Order

JKGenius Terran 

Build Orders:  

Get SALT Encoding   

  12  0:00  SCV  
  13  0:12  SCV  
  14  0:17  Supply Depot  
  14  0:24  SCV  
  15  0:31  Refinery  
  15  0:39  SCV  
  16  0:45  Barracks  
  16  0:51  SCV  
  17  1:03  SCV  
  18  1:15  SCV  
  19  1:27  SCV  
  20  1:34  Supply Depot  
  20  1:39  Orbital Command  
  20  1:58  Factory, Barracks Reactor  
  20  2:05  SCV  
  21  2:15  Command Center  
  21  2:17  SCV  
  22  2:23  Refinery  
  22  2:29  SCV  
  23  2:41  SCV  
  23  2:43  Starport  
  24  2:49  Supply Depot  
  24  2:50  Hellion  
  26  2:53  SCV  
  27  3:12  Hellion  
  29  3:22  Viking  
  31  3:29  Barracks Reactor  
  31  3:33  Orbital Command  
  31  3:34  SCV  
  32  3:46  SCV  
  33  3:52  Engineering Bay  
  33  3:58  SCV  
  33  3:59  Orbital Command  
  34  4:10  Starport Tech Lab, SCV  
  34  4:14  Barracks Tech Lab  
  35  4:22  SCV  
  36  4:27  SCV  
  36  4:30  Hellion x2  
  41  4:34  SCV  
  42  4:39  SCV  
  42  4:42  Command Center  
  43  4:46  SCV  
  43  4:51  Supply Depot, SCV  
  45  4:58  SCV  
  46  5:03  SCV  
  46  5:06  Factory  
  47  5:10  SCV  
  47  5:13  Supply Depot  
  48  5:15  Neosteel Armor, Supply Depot, SCV  
  49  5:22  SCV  
  49  5:24  Hellion x2  
  49  5:27  SCV  
  55  5:29  Refinery  
  55  5:30  Refinery  
  55  5:35  SCV  
  56  5:36  Missile Turret  
  56  5:37  Supply Depot  
  56  5:39  Missile Turret, SCV  
  57  5:51  SCV  
  57  5:52  SCV  
  59  6:02  Missile Turret x2  
  59  6:03  SCV  
  60  6:05  Missile Turret, Siege Tank  
  60  6:07  Hellion  
  65  6:16  SCV x2  
  67  6:19  Orbital Command  
  67  6:37  Missile Turret  
  67  6:39  Missile Turret, Armory  
  67  6:42  Armory  
  62  6:56  Armory  
Tags
 
Matchup
TvZ
Opening
Pool First
Replay Pack
Multiplayer
Spawn Locations
Close Positions
Add a new tag
Caveats
  • Supply blocks, unpowered buildings, or Contaminate may cause inaccurate times.
  • Supply counts are checked every 10 seconds.